 Dungeon Crawl Stone Soup version 0.21.0-3-g78d12a8 (webtiles) character file.

49 komo4ek the Magician (level 3, -12/20 HPs)
             Began as a Deep Elf Ice Elementalist on Jan 8, 2018.
             Killed from afar by Terence (28 damage)
             ... with an exploding inner flame
             ... hexed by the player character
             ... on level 2 of the Dungeon.
             The game lasted 00:05:38 (1133 turns).

komo4ek the Magician (Deep Elf Ice Elementalist)    Turns: 1133, Time: 00:05:39

Health: -12/20     AC:  2    Str:  5    XL:     3   Next: 51%
Magic:  5/10       EV: 13    Int: 20    God:
Gold:   45         SH:  0    Dex: 15    Spells: 9/10 levels left

rFire    . . .     SeeInvis .   i - -2 short sword (curse)
rCold    . . .     Gourm    .   (no shield)
rNeg     . . .     Faith    .   a - +0 robe
rPois    .         Spirit   .   (no helmet)
rElec    .         Reflect  .   (no cloak)
rCorr    .         Harm     .   (no gloves)
MR       .....                  (no boots)
Stlth    ++........             (no amulet)
HPRegen  0.06/turn              (no ring)
MPRegen  0.12/turn              (no ring)

@: no status effects
A: no striking features
a: no special abilities


You were on level 2 of the Dungeon.
You were not hungry.

You visited 1 branch of the dungeon, and saw 2 of its levels.

You collected 45 gold pieces.

Inventory:

Hand Weapons
 d - a +0 short sword
 e - a +4 short sword
 f - a +1 dagger of speed
 i - a cursed -2 short sword (weapon)
Armour
 a - a +0 robe (worn)
 h - a +0 pair of gloves
Jewellery
 j - an uncursed ring of resist corrosion {unknown}
Potions
 g - a potion of heal wounds {unknown}
Books
 b - a book of Frost

   Spells                             Type                      Level
   a - Freeze                         Ice                          1
   b - Throw Frost                    Conjuration/Ice              2
   c - Ozocubu's Armour               Charms/Ice                   3
   d - Throw Icicle                   Conjuration/Ice              4
   e - Summon Ice Beast               Ice/Summoning                4
Comestibles
 c - 3 rations


   Skills:
 + Level 1.0 Fighting
 - Level 2.4 Dodging
 - Level 2.4 Stealth
 * Level 4.4 Spellcasting
   Level 1.1 Conjurations
 + Level 3.8 Ice Magic


You had 9 spell levels left.
You knew the following spells:

 Your Spells              Type           Power        Failure   Level  Hunger
a - Freeze                Ice            ###.         2%          1    None


Dungeon Overview and Level Annotations

Branches:
Dungeon (2/15)

Altars:


Message History

Terence is severely wounded.
Terence closely misses you.
Casting: Freeze
Confirm with . or Enter, or press ? or * to list all spells.
Aiming: Freeze
Press: ? - help, Shift-Dir - straight line, f/p - Terence
Aim: Terence, wielding a hand axe and wearing a chain mail (severely wounded, inner flame)
You freeze Terence.
Terence is almost dead.
Terence hits you with a hand axe.
Casting: Freeze
Confirm with . or Enter, or press ? or * to list all spells.
Aiming: Freeze
Press: ? - help, Shift-Dir - straight line, f/p - Terence
Aim: Terence, wielding a hand axe and wearing a chain mail (almost dead, inner flame)
You freeze Terence.
Terence explodes!
The fiery explosion engulfs you!
Ouch! That really hurt!
You die...

.#..##......<##..#######..#
....##.......###......##..#
.#.######.##.# ######..##.#
. ...# #.##.# ##..#.##....
#### #.##.###### ##.......#
# #.##......###...#..#.# #
#.###...§§§...#....# # #
#.# #...§§#######....# #.#
#...@## ##..#. #.# ###...#
.....# #.# ##....# .... .
#.# ##...... ..... #.#
##.### #.# .# #.# # #.# #.#


There were no monsters in sight!

Vanquished Creatures
  A dart slug (D:1)
  4 leopard geckos
  A ball python (D:1)
  6 goblins (D:1)
  9 hobgoblins (D:1)
  6 bats
  7 kobolds
  A rat (D:2)
35 creatures vanquished.

Notes
Turn   | Place    | Note
-------+----------+-------------------------------------------
     0 | D:1      | komo4ek the Deep Elf Ice Elementalist began the quest for the Orb.
     0 | D:1      | Reached XP level 1. HP: 10/10 MP: 6/6
   145 | D:1      | Reached XP level 2. HP: 16/16 MP: 2/8
   591 | D:1      | Reached skill level 4 in Spellcasting
   722 | D:1      | Reached XP level 3. HP: 20/20 MP: 10/10
   806 | D:1      | Reached skill level 1 in Fighting
  1114 | D:2      | Noticed Terence
  1133 | D:2      | Killed Terence
  1133 | D:2      | Killed from afar by Terence

Skill      XL: |  1  2  3 |
---------------+----------+-----
Spellcasting   | 4 |  4.4
Fighting       | 1 |  1.0
Dodging        | |  2.4
Stealth        | |  2.4
Conjurations   | |  1.1
Ice Magic      | |  3.8

Action                   || total
-------------------------++-------
Melee: Unarmed           ||     5
       Short sword       ||    20
 Cast: Freeze            ||    44
  Use: Scroll            ||     3
 Stab: Sleeping          ||     1
  Eat: Ration            ||     1
Armor: Robe              ||    12
Dodge: Dodged            ||    42
